Unix NetHack Version 5.0.0-0 post-release - last build May 31 2026 23:59:36 (970b52f25bf058293b47ddfd14a1e40e571c508c,branch:main).

Game began 2026-06-02 14:05:45, ended 2026-06-03 13:36:32.

Barrb, neutral female human Barbarian

             ---                              -------     ---
             |..---      -----       -------- |..--.--   --.---   ---
             |....--      .|.|       |..--..---......|   |....|   ..|
             |.|...|      ...       --...........|(.--   |....| --..
             |.|..--       ..       |..........----.------.%..|--.-
         ----|...--        ..       |..................%.).%.#-|..------
        --..---..|         -.--  #-#-..........----.-#---###.###....|<.--
        |....||..|         |..|  |..............||..--     |.# |..|.....--
        --.|.-|..----  -----#.-#--..............--...|     |.# |.---[....|
         |.|..|....^-- |........|........--#........--     |.| |.| |....--
       ---.|...>.--..| |.---............-- --.....#.|      |.--|.| --...|
      --...|--------.| |.--............-    ---.--..|      |..--.|  ---.|
      |..---       |.| |...--.......*.--      --|..--      --....|    |.|
     --.-----      |.| |...||--^...`.--     -----.--        ---..|    |.|
     |..|--.--     |.--|.---|.`......|      |..|..|           |..|    |.-----
    --..|....|     |..--.|  |........--     |....--           -..|    |.....|
    |.......-      --....|  |...(.....--   --...--           |...|    |.-...|
    -...--.--       --...|  --.........|   |....|            --.--    |.....|
   |..------         |..--   --.......--   |....|             ---     ----.--
   |..|              ----     ---.|`.--    --..--                         --
   ----                         ------      ----
Barrb the Bandit           St:18 Dx:18 Co:18 In:7 Wi:11 Ch:6  Neutral
Dlvl:9  $:17 HP:0(113) Pw:21(21) AC:7  Xp:9 T:8576 

Latest messages:
 The black unicorn butts!
 You return to human form!
 The black unicorn misses!
 The black unicorn butts!
 The black unicorn kicks!
 What do you want to zap? [lqyCFHILX or ?*] <enter>
 Never mind.
 What do you want to throw? [$abfjKV or ?*] *
 In what direction? 1
 The black unicorn catches the citrine stone.
 The black unicorn hesitatingly accepts your gift.
 The black unicorn vanishes!
 What do you want to wear? [AGY or ?*] *
 You are now wearing a dwarvish cloak.
 What do you want to wear? [GY or ?*] G
 You finish your dressing maneuver.
 What do you want to wear? [Y or ?*] Y
 You finish your dressing maneuver.
 You stop searching.
 The killer bee stings!
 You smite the killer bee.
 The killer bee stings!
 You miss the killer bee.
 The killer bee stings!
 The killer bee stings!
 What do you want to wield? [- abfjKV or ?*] b
 b - a +0 short sword (weapon in right hand).
 The killer bee stings!
 The killer bee stings!
 You kill the killer bee!
 You hear rumbling in the distance.
 You hear a loud crash!
 You hear a chugging sound.
 It hits!
 It hits!
 It bites!
 You smite it.
 You miss it.
 It hits!
 It hits!
 It bites!
 You miss it.
 It hits!
 It hits!
 It bites!
 Are you sure you want to pray? [yn] (n) y
 You begin praying to Crom.
 It hits!
 You die...
 Do you want your possessions identified? [ynq] (y) q

Inventory:
 Coins    ('$')
  $ - 17 gold pieces
 Weapons  (')')
  f - 4 blessed +1 darts
  K - 8 blessed +0 darts
  j - 20 +0 darts
  V - a blessed +0 dagger
  a - a +0 battle-axe
  b - a +0 short sword (weapon in right hand)
 Armor    ('[')
  Y - an uncursed rusty +0 dwarvish iron helm (being worn)
  G - an uncursed +0 pair of iron shoes (being worn)
  A - an uncursed +0 dwarvish cloak (being worn)
 Comestibles  ('%')
  o - 3 uncursed slime molds
  p - 2 uncursed eucalyptus leaves
  v - an uncursed partly eaten food ration
  N - 2 uncursed food rations
  d - an uncursed tripe ration
 Scrolls  ('?')
  z - an uncursed scroll of destroy armor
  R - an uncursed scroll of food detection
  B - an uncursed scroll of punishment
  t - 2 uncursed scrolls of teleportation
 Spellbooks  ('+')
  n - an uncursed spellbook of confuse monster
 Potions  ('!')
  M - an uncursed potion of blindness
  h - an uncursed potion of booze
  m - a cursed potion of confusion
  E - an uncursed potion of full healing
  w - an uncursed potion of gain energy
  r - 2 uncursed potions of healing
  k - an uncursed potion of object detection
  x - a blessed potion of see invisible
 Rings    ('=')
  S - an uncursed ring of invisibility (on left hand)
  s - an uncursed ring of shock resistance
  u - an uncursed ring of warning (on right hand)
 Wands    ('/')
  X - a wand of digging (0:2)
  I - a wand of light (0:13)
  y - a wand of lightning (0:2)
  l - a blessed wand of magic missile (0:4)
  F - a wand of magic missile (0:2)
  L - a wand of striking (0:5)
  q - a wand of striking (0:3)
  C - a wand of teleportation (0:6)
  H - a wand of teleportation (0:6)
 Tools    ('(')
  c - a blessed bag of holding containing 11 items
  J - an uncursed blindfold
  i - a blessed oil lamp
  g - an uncursed skeleton key
  Q - an uncursed tin whistle
 Gems/Stones  ('*')
  U - an uncursed citrine stone
  D - 2 uncursed jasper stones
  O - an uncursed topaz stone
  e - 4 uncursed worthless pieces of orange glass

Contents of the bag of holding:
  832 gold pieces
  12 +0 arrows
  a cursed food ration
  an uncursed scroll of earth
  an uncursed scroll of blank paper
  a blessed scroll of identify
  an uncursed ring of stealth
  an uncursed oil lamp
  a cursed oil lamp
  a +0 pick-axe
  a tinning kit (0:38)

Barrb the Barbarian's attributes:

Background:
 You were a Bandit, a level 9 female human Barbarian.
 You were neutral, on a mission for Crom
 who was opposed by Mitra (lawful) and Set (chaotic).
 You were right-handed.
 You were in the Gnomish Mines, on level 9.
 You entered the dungeon 8576 turns ago.
 You had 2715 experience points, 2405 more were needed to attain level 10.

Basics:
 You had 0 out of 113 hit points.
 You had all 21 energy points (spell power).
 Your armor class was 7.
 Your wallet contained 17 zorkmids, and
 you had 832 more stashed away in your pack.
 Autopickup was off.

Final Characteristics:
 Your strength was 18 (limit:18/100).
 Your dexterity was 18 (limit:18).
 Your constitution was 18 (limit:18).
 Your intelligence was 7 (limit:18).
 Your wisdom was 11 (limit:18).
 Your charisma was 6 (limit:18).

Final Status:
 You weren't hungry.
 You were unencumbered.
 You were wielding a short sword.
 You had basic skill with short sword and could have enhanced that.

Final Attributes:
 You were piously aligned.
 Your items were somewhat protected from fire.
 Your items were somewhat protected from cold.
 You were poison resistant.
 You were warned.
 You were invisible.
 You were warded.
 You were fast.
 You were unlucky.
 You are dead.

Miscellaneous:
 You didn't encounter any bones levels.
 Total elapsed playing time was 2 hours, 38 minutes and 20 seconds.

Major events:
 Turn
    1: Barrb the neutral female human Barbarian entered the dungeon
  617: attained the rank of Pillager (level 3)
  686: entered the Gnomish Mines
 3337: attained the rank of Bandit (level 6)
 4169: reached Mine Town
 4500: made her first wish - "blessed bag of holding", got "a bag"
 8576: killed by an invisible troll, while praying

You didn't know any spells.

Skills:
 Fighting Skills
   bare handed combat [Basic]
   two weapon combat  [Unskilled]
   riding             [Unskilled]
 Weapon Skills
   dagger             [Unskilled]
   axe                [Skilled]
   pick-axe           [Unskilled]
   short sword        [Basic]
   broadsword         [Unskilled]
   long sword         [Unskilled]
   two-handed sword   [Unskilled]
   saber              [Unskilled]
   club               [Unskilled]
   mace               [Unskilled]
   morning star       [Unskilled]
   flail              [Unskilled]
   hammer             [Unskilled]
   quarterstaff       [Unskilled]
   spear              [Unskilled]
   trident            [Unskilled]
   bow                [Unskilled]
 Spellcasting Skills
   attack spells      [Unskilled]
   escape spells      [Unskilled]

Voluntary challenges:
 Character rerolling was not enabled.
 You never genocided any monsters.
 You never polymorphed an object.
 You used 1 wish.
 You did not wish for any artifacts.
Achievements:
 You attained the rank of Pillager.
 You entered the Gnomish Mines.
 You entered a shop.
 You attained the rank of Bandit.
 You entered Minetown.
 You entered a temple.

 The Dungeons of Doom: levels 1 to 5
    Level 1:
       A fountain.
    Level 2:
       A grave.
       Stairs down to The Gnomish Mines.
    Level 3:
       A vegetarian food shop, a fountain.
    Level 4:
    Level 5:
       A fountain.
 The Gnomish Mines: levels 3 to 10
    Level 3:
    Level 4:
    Level 5:
       Many shops, a temple and an altar, some fountains.
    Level 6:
    Level 7:
    Level 8:
    Level 9: <- You were here.
       Final resting place for
          you, killed by an invisible troll, while praying.
    Level 10:


Vanquished creatures:
  a giant mimic
  a fire elemental
  a warg
  2 wood golems
  a carnivorous ape
  2 watchmen
  a chameleon
  a quivering blob
  7 wolves
  a panther
  a leprechaun
  a black light
  a vampire bat
  3 gnome rulers
  a dwarf mummy
  a dingo
  a dog
  a jaguar
  a dwarf leader
 an imp
  a quasit
  a mountain nymph
  7 Mordor orcs
  a rock piercer
  2 fog clouds
  3 yellow lights
  a violet fungus
 13 gnome leaders
  6 gnomish wizards
  a gray ooze
 an elf zombie
  a ghoul
  5 giant ants
  2 floating eyes
  2 kittens
 19 dwarves
  2 kobold leaders
  6 hill orcs
  a giant bat
  3 orc zombies
  4 iguanas
  3 killer bees
 an acid blob
  4 coyotes
  a gas spore
  a hobbit
  2 manes
  4 hobgoblins
  4 giant rats
  5 cave spiders
  a yellow mold
  a green mold
  a red mold
 51 gnomes
  2 garter snakes
  a gnome zombie
  5 geckos
  a jackal
  4 foxes
  a kobold
  3 goblins
  4 grid bugs
  2 bats
  4 lichens
  3 kobold zombies
  4 newts
225 creatures vanquished.

No species were genocided or became extinct.

Game over:
                       ----------
                      /          \
                     /    REST    \
                    /      IN      \
                   /     PEACE      \
                  /                  \
                  |      Barrb       |
                  |      849 Au      |
                  |   killed by an   |
                  | invisible troll  |
                  |                  |
                  |                  |
                  |       2026       |
                 *|     *  *  *      | *
        _________)/\\_//(\/(/\)/\//\/|_)_______

Goodbye Barrb the Barbarian...

You died in The Gnomish Mines on dungeon level 9 with 12115 points,
and 849 pieces of gold, after 8576 moves.
You were level 9 with a maximum of 113 hit points when you died.

